 Dungeon Crawl Stone Soup version 0.28.0 (webtiles) character file.

Game seed: 4029690457427373824

49 issech the Cudgeller (level 3, -2/36 HPs)
             Began as a Troll Monk on Feb 8, 2022.
             Slain by Sigmund (13 damage)
             ... on level 2 of the Dungeon.
             The game lasted 00:03:19 (1229 turns).

issech the Cudgeller (Troll Monk)                   Turns: 1229, Time: 00:03:19

Health: -2/36      AC:  4    Str: 19    XL:     3   Next: 51%
Magic:  2/2        EV: 10    Int:  6    God:
Gold:   99         SH:  0    Dex: 14    Spells: 2/2 levels left

rFire   . . .      SeeInvis .   a - +0 mace
rCold   . . .      Faith    .   (no shield)
rNeg    . . .      Spirit   .   b - +0 robe
rPois   .          Reflect  .   (helmet restricted)
rElec   .          Harm     .   (no cloak)
rCorr   .          Rampage  .   (gloves unavailable)
Will    .....                   (boots unavailable)
Stlth   ++........              h - amulet of regeneration
HPRegen 1.72/turn               (no ring)
MPRegen 0.08/turn               (no ring)

@: no status effects
A: large, unfitting armour, claws 3, regeneration 1, shaggy fur 1, tough skin 1
a: no special abilities


You were on level 2 of the Dungeon.
You visited 1 branch of the dungeon, and saw 2 of its levels.

You collected 99 gold pieces.

Inventory:

Hand Weapons
 a - a +0 mace (weapon)
Missiles
 f - 20 stones (quivered)
 j - 10 sling bullets
Armour
 b - a +0 robe (worn)
Jewellery
 h - an amulet of regeneration (around neck)
Scrolls
 c - a scroll of magic mapping {unknown}
 d - 2 scrolls of immolation {unknown}
 e - a scroll of teleportation {unknown}
Potions
 g - a potion of heal wounds {unknown}
 i - a potion of magic {unknown}
 k - a potion of haste {unknown}


   Skills:
 + Level 2.8 Fighting
 + Level 3.3 Maces & Flails
 + Level 2.9 Dodging
 + Level 1.1 Stealth


You had 2 spell levels left.
You didn't know any spells.
Your spell library was empty.

Dungeon Overview and Level Annotations

Branches:
Dungeon (2/15)

Altars:

Annotations:
D:2 Sigmund


Innate Abilities, Weirdness & Mutations

You are too large for most types of armour.
You have claws for hands.
Your natural rate of healing is unusually fast.
You are covered in fur. (AC +1)
You have tough skin. (AC +1)


Message History

Sigmund hits you from afar with a +2 scythe of protection.
You see here a ball python corpse.
The adder hisses angrily.
You hit Sigmund.
Sigmund is lightly wounded.
Sigmund hits you with a +2 scythe of protection.
You hit Sigmund but do no damage.
Sigmund is lightly wounded.
Sigmund barely misses you.
You barely miss Sigmund.
Sigmund is lightly wounded.
Sigmund hits you with a +2 scythe of protection.
You hit Sigmund but do no damage.
Sigmund is lightly wounded.
You closely miss Sigmund.
Sigmund is lightly wounded.
Sigmund hits you with a +2 scythe of protection!
You barely miss Sigmund.
Sigmund is lightly wounded.
Sigmund gestures at you while chanting. The puff of flame hits you!
You hit Sigmund but do no damage.
Sigmund is lightly wounded.
Sigmund closely misses you.
You barely miss Sigmund.
Sigmund is lightly wounded.
Sigmund casts a spell.
Sigmund flickers and vanishes!
Deactivating autopickup; reactivate with Ctrl-A.
You barely miss something.
You hear some strange, mumbled words.
Something tries to affect you, but you resist.
Something hits you but does no damage.
You closely miss something. You hit something but do no damage.
Something hits you!
You closely miss something. Something hits you.
You closely miss something. Something hits you!
* * * LOW HITPOINT WARNING * * *
Something hits you!
You die...

#.......######...#######
#.#..##................#
.......................#
#.....#.........>......#
#....##.######...####.##
#.#.###.# #...# #
#.......# #...#
###.##### #...# ###.#
#..@# # ....#
#...####.... #####
##..{S...... #..##..####
#..# .# ..... .. #......
.# #..#.#. .. ..###... #


There were no monsters in sight!

Vanquished Creatures
  An adder (D:2)
  2 dart slugs (D:1)
  3 ball pythons
  6 bats
  3 endoplasms
  2 giant cockroaches
  5 goblins
  2 hobgoblins (D:1)
  2 jackals (D:1)
  3 kobolds
  A rat (D:2)
30 creatures vanquished.

Notes
Turn   | Place    | Note
-------+----------+-------------------------------------------
     0 | D:1      | issech the Troll Monk began the quest for the Orb.
     0 | D:1      | Reached XP level 1. HP: 22/22 MP: 0/0
   205 | D:1      | Reached XP level 2. HP: 29/29 MP: 1/1
   591 | D:1      | Reached skill level 3 in Maces & Flails
   861 | D:1      | You fall into a shaft and drop 1 floor!
   882 | D:2      | Reached XP level 3. HP: 36/36 MP: 2/2
  1208 | D:2      | Noticed Sigmund
  1229 | D:2      | Slain by Sigmund

Illustrated notes

Levels and vault maps discovered:
D:1:      dpeg_arrival_ternary, layout_basic
D:2:      layout_loops_cross, uniq_sigmund

Skill      XL: |  1  2 |
---------------+-------+-----
Maces & Flails | 3 |  3.3
Fighting       | |  2.8
Dodging        | |  2.9
Stealth        | |  1.1

Action                   || total
-------------------------++-------
Melee: Mace              ||   106
Armor: Robe              ||    70
Dodge: Dodged            ||   104
